 Dungeon Crawl Stone Soup version 0.27-a0-1187-ge80a49f48c (webtiles) character file.

Game seed: 2511788447759767536

3933 Ijustatesigmund the Cleaver (level 10, -5/91 HPs)
             Began as a Hill Orc Fighter on May 20, 2021.
             Slain by a tengu warrior
             ... wielding a +0 war axe
              (9 damage)
             ... on level 8 of the Dungeon.
             The game lasted 00:16:57 (11972 turns).

Ijustatesigmund the Cleaver (Hill Orc Fighter)     Turns: 11972, Time: 00:16:58

Health: -5/91      AC: 15    Str: 22    XL:     10   Next: 21%
Magic:  10/10      EV:  9    Int:  9    God:
Gold:   394        SH: 10    Dex: 12    Spells: 9/9 levels left

rFire    + . .     SeeInvis .   a - +0 war axe (vorpal)
rCold    . . .     Faith    .   c - +0 kite shield
rNeg     + . .     Spirit   .   b - +2 scale mail {rPois}
rPois    +         Reflect  .   (no helmet)
rElec    .         Harm     .   f - +1 cloak
rCorr    .         Rampage  .   (no gloves)
Will     .....     Rnd*Tele +   p - +2 pair of boots
Stlth    ..........             (no amulet)
HPRegen  0.25/turn              k - ring of positive energy
MPRegen  0.12/turn              w - ring of protection from fire

@: no status effects
A: strong 1, teleportitis 2
a: no special abilities


You were on level 8 of the Dungeon.
You visited 1 branch of the dungeon, and saw 9 of its levels.
You also visited: Sewer.

You collected 394 gold pieces.

Inventory:

Hand Weapons
 a - a +0 vorpal war axe (weapon)
 j - a +1 flail of holy wrath
 y - a +5 battleaxe
Missiles
 m - 5 atropa-tipped darts (quivered)
Armour
 b - a +2 scale mail of poison resistance (worn)
 c - a +0 kite shield (worn)
 f - a +1 cloak (worn)
 p - a +2 pair of boots (worn)
Jewellery
 k - a ring of positive energy (left hand)
 w - a ring of protection from fire (right hand)
Wands
 d - a wand of digging (12)
 o - a wand of iceblast (8)
 q - a wand of acid (4)
 v - a wand of flame (29)
Scrolls
 e - 3 scrolls of fog
 g - 5 scrolls of identify
 i - 3 scrolls of teleportation
 n - a scroll of magic mapping
Potions
 h - 2 potions of flight
 l - 2 potions of attraction
 r - a potion of curing
 s - a potion of brilliance
 t - 2 potions of lignification {unknown}
 u - 2 potions of heal wounds
 x - 2 potions of invisibility
 z - a potion of magic {unknown}


   Skills:
 + Level 9.4 Fighting
 + Level 10.2 Axes
 + Level 7.3 Armour
 - Level 2.5 Dodging
 - Level 5.6 Shields
 - Level 5.6 Evocations


You had 9 spell levels left.
You didn't know any spells.
Your spell library contained the following spells:

 Spells                   Type           Power      Damage    Failure   Level
 Summon Small Mammal      Summ           0%         N/A       97%         1
 Call Imp                 Summ           0%         N/A       99%         2
 Call Canine Familiar     Summ           0%         N/A       100%        3
 Summon Guardian Golem    Hex/Summ       0%         N/A       100%        3
 Summon Ice Beast         Ice/Summ       0%         N/A       100%        4
 Summon Lightning Spire   Summ/Air       0%         N/A       100%        4


Dungeon Overview and Level Annotations

Branches:
Dungeon (9/15)             Temple (0/1) D:5           Sewer (visited)
   Lair: D:8-11         Orc: D:9-12

Altars:
Okawaru

Shops:
D:1 =


Innate Abilities, Weirdness & Mutations

Your muscles are strong. (Str +2)
You are sometimes teleported next to monsters.


Message History

The tengu warrior hits you with a +0 war axe!
The tengu warrior closely misses you.
The tengu warrior claws you but does no damage.
The tengu warrior blocks your attack.
The tengu warrior is almost dead.
The tengu warrior hits you but does no damage.
You block the tengu warrior's attack. The tengu warrior barely misses you.
You barely miss the tengu warrior.
The tengu warrior is almost dead.
The tengu warrior hits you with a +0 war axe!
* * * LOW HITPOINT WARNING * * *
The tengu warrior pecks you but does no damage.
The tengu warrior claws you but does no damage.
The tengu warrior hits you but does no damage.
The tengu warrior pecks you but does no damage.
You block the tengu warrior's attack. The tengu warrior blocks your attack.
The tengu warrior is almost dead.
You block the tengu warrior's attack. The tengu warrior pecks you.
* * * LOW HITPOINT WARNING * * *
The tengu warrior closely misses you.
You hit the tengu warrior.
The tengu warrior is almost dead.
The tengu warrior hits you but does no damage.
The tengu warrior pecks you.
* * * LOW HITPOINT WARNING * * *
The tengu warrior claws you.
* * * LOW HITPOINT WARNING * * *
You miss the tengu warrior.
The tengu warrior is almost dead.
You block the tengu warrior's attack. x3
You hit the tengu warrior but do no damage.
The tengu warrior is almost dead.
The tengu warrior hits you with a +0 war axe!
* * * LOW HITPOINT WARNING * * *
The tengu warrior barely misses you. x2
You closely miss the tengu warrior.
The tengu warrior is almost dead.
The tengu warrior hits you with a +0 war axe!
You die...

.... .... .....
########## .....##
##...##...##
.......###..........##
.....#...[...<.......#
.......#.....[.......#
.............[.......#
.....#..##...)..@...#
....##.####..(..Q..##
#...... ###..##...#
#.##### ....# ##... #.
........ ....#
(..#.#### #### ......
......


You could see a tengu warrior.

Vanquished Creatures
  A troll (D:9)
  A hornet (D:9)
  A shadow (D:9)
  Sigmund (D:3)
  2 steam dragons
  Menkaure (D:5)
  Edmund (D:6)
  A water moccasin (D:9)
  An orc warrior (D:7)
  A hornet zombie (D:6)
  A sky beast (D:7)
  A black bear (D:6)
  4 ogres (D:6)
  4 centaurs
  2 phantoms
  A kobold brigand (D:8)
  A bullfrog (D:7)
  A scorpion (D:5)
  A water moccasin skeleton (D:5)
  4 killer bees (D:7)
  4 wights
  5 hounds
  Crazy Yiuf (D:3)
  5 orc priests
  2 centaur skeletons
  3 jellies
  2 iguanas
  6 orc wizards
  A scorpion zombie (D:5)
  A killer bee zombie (D:8)
  A hound skeleton (D:5)
  4 adders
  A white imp (D:7)
  3 ufetubi (D:5)
  3 worms
  7 dart slugs
  18 orcs
  5 endoplasms
  4 giant cockroaches
  8 goblins
  6 hobgoblins
  11 jackals
  2 quokkas (D:1)
  9 ball pythons
  11 bats
  8 frilled lizards
  5 kobolds
  7 rats
174 creatures vanquished.

Notes
Turn   | Place    | Note
-------+----------+-------------------------------------------
     0 | D:1      | Ijustatesigmund the Hill Orc Fighter began the quest for
                  | the Orb.
     0 | D:1      | Reached XP level 1. HP: 19/19 MP: 1/1
   143 | D:1      | Reached skill level 3 in Axes
   208 | D:1      | Reached XP level 2. HP: 24/27 MP: 2/2
   346 | D:1      | Found Teifoely's Jewellery Boutique.
   684 | D:1      | Found a faded altar of an unknown god.
  1100 | D:2      | Reached skill level 4 in Axes
  1101 | D:2      | Reached XP level 3. HP: 30/33 MP: 3/3
  1283 | D:2      | Reached XP level 4. HP: 41/41 MP: 4/4
  1657 | D:2      | Reached skill level 5 in Axes
  1896 | D:3      | Noticed Sigmund
  1909 | D:3      | Killed Sigmund
  1910 | D:3      | Reached skill level 5 in Fighting
  1910 | D:3      | Reached XP level 5. HP: 26/48 MP: 5/5
  1910 | D:3      | Reached XP level 6. HP: 30/56 MP: 6/6
  2241 | D:3      | Found a runed translucent door.
  2242 | D:3      | Noticed Crazy Yiuf
  2247 | D:3      | Killed Crazy Yiuf
  2248 | D:3      | Reached skill level 6 in Axes
  3408 | D:4      | Reached XP level 7. HP: 50/63 MP: 7/7
  3409 | D:4      | Reached skill level 5 in Armour
  3434 | D:4      | Gained mutation: You are occasionally teleported next to
                  | monsters. [potion of mutation]
  3434 | D:4      | Gained mutation: You are weak. (Str -2) [potion of
                  | mutation]
  3745 | D:5      | Entered Level 5 of the Dungeon
  3869 | D:5      | Lost mutation: You are weak. (Str -2) [potion of mutation]
  3869 | D:5      | Gained mutation: Your mind is acute. (Int +2) [potion of
                  | mutation]
  3869 | D:5      | Gained mutation: Your spells are a little harder to cast,
                  | but a little more powerful. [potion of mutation]
  3869 | D:5      | Gained mutation: You are sometimes teleported next to
                  | monsters. [potion of mutation]
  3889 | D:5      | Reached skill level 7 in Axes
  4090 | D:5      | Found the +8 arc blade {discharge, rElec}
  4139 | D:5      | Noticed a steam dragon
  4149 | D:5      | Killed a steam dragon
  4157 | D:5      | Reached XP level 8. HP: 31/71 MP: 8/8
  4313 | D:5      | Found a glowing drain.
  4313 | D:5      | Noticed Menkaure
  4369 | D:5      | Killed Menkaure
  4370 | D:5      | Reached skill level 8 in Axes
  4375 | Sewer    | Entered a sewer
  5172 | D:5      | Found a staircase to the Ecumenical Temple.
  5225 | D:5      | Found an iron altar of Okawaru.
  5522 | D:6      | Reached skill level 5 in Shields
  5963 | D:6      | Noticed Edmund
  5981 | D:6      | Killed Edmund
  5982 | D:6      | Reached XP level 9. HP: 67/81 MP: 9/9
  6219 | D:6      | Reached skill level 9 in Axes
  6219 | D:6      | Reached skill level 1 in Dodging
  6605 | D:6      | Lost mutation: Your mind is acute. (Int +2) [potion of
                  | mutation]
  6605 | D:6      | Lost mutation: Your spells are a little harder to cast, but
                  | a little more powerful. [potion of mutation]
  6605 | D:6      | Gained mutation: Your muscles are strong. (Str +2) [potion
                  | of mutation]
  7862 | D:7      | Reached skill level 1 in Evocations
  8457 | D:8      | Noticed a tengu warrior
  8849 | D:9      | Reached skill level 5 in Evocations
 11121 | D:9      | Reached XP level 10. HP: 60/91 MP: 10/10
 11274 | D:9      | Reached skill level 10 in Axes
 11290 | D:9      | Paralysed by a hornet for 1 turns
 11971 | D:8      | HP: 4/91 [tengu warrior/+0 war axe (10)]
 11972 | D:8      | Slain by a tengu warrior

Illustrated notes

Levels and vault maps discovered:
D:1:      dpeg_arrival_chambers_temple_mockup, layout_rooms,
          hellmonk_ecumenical_altar_heavens_door, serial_shops,
          nicolae_shop_trees, minmay_fountain_box
D:2:      minmay_evil_eye, layout_loops_ring
D:3:      layout_loops_ring, uniq_sigmund, uniq_crazy_yiuf_cottage
D:4:      layout_layer_cave, kennysheep_dice
D:5:      layout_loops_ring, general_overflow_altar,
          minmay_temple_entry_antechambers, portal_sewer_entry_b,
          mrwooster_statue_mirror, uniq_menkaure
D:6:      layout_rooms, chequers_serial_rivers_large_b, grunt_ministairs_9,
          minmay_pentangle, uniq_edmund
D:7:      layout_basic
D:8:      wander_river, layout_rooms, st_stairs_11
D:9:      layout_roguey, serial_park_tiny_2

Skill      XL: |  1  2  3  4  5  6  7  8  9 10 |
---------------+-------------------------------+-----
Axes           | 3 4 5 6 7 8 9 10 | 10.2
Fighting       | 4 5 6 7 9 |  9.4
Armour         | 4 5 6 7 |  7.3
Shields        | 4 5 |  5.6
Dodging        | 2 |  2.5
Evocations     | 5 |  5.6

Action                   |  1- 3 |  4- 6 |  7- 9 | 10-12 || total
-------------------------+-------+-------+-------+-------++-------
Melee: War axe           |    79 |   111 |   299 |    18 ||   507
       Battleaxe         |       |       |    60 |     8 ||    68
Throw: Dart              |       |       |     4 |       ||     4
Evoke: Wand              |       |       |     2 |     1 ||     3
  Use: Scroll            |       |     8 |    10 |       ||    18
       Potion            |       |     2 |    11 |       ||    13
 Stab: Invisible         |       |       |     2 |       ||     2
Armor: Scale mail        |    32 |    55 |   247 |    31 ||   365
Dodge: Dodged            |    27 |    34 |   177 |    19 ||   257
Block: Kite shield       |    43 |    55 |   187 |    20 ||   305

Table legend: (Time is in decaauts)
 A = Elapsed time spent in this place.
 B = Non-inter-level travel time spent in this place.
 C = Inter-level travel time spent in this place.
 D = Time resting spent in this place.
 E = Time spent auto-exploring this place.
 F = Levels seen in this place.
 G = Mean time per level.
                   A        B        C        D        E       F      G
               +--------+--------+--------+--------+--------+-----+--------+
         Total |  12300 |  12094 |    206 |   4443 |   6135 |  10 | 1230.0 |
       Dungeon |  11628 |  11422 |    206 |   4247 |   5870 |   9 | 1292.0 |
         Sewer |    672 |    672 |      0 |    196 |    264 |   1 |  672.0 |
               +--------+--------+--------+--------+--------+-----+--------+

Top non-repeatable levels by time:
     D:9: 3405 daAuts
     D:7: 1730 daAuts
     D:6: 1233 daAuts
     D:5: 1197 daAuts
     D:3: 1024 daAuts
     D:2: 989 daAuts
     D:4: 969 daAuts
     D:1: 861 daAuts
   Sewer: 672 daAuts
     D:8: 218 daAuts
